 Dungeon Crawl Stone Soup version 0.21-a0-538-gd16b88a (webtiles) character file.

25 theanonym the Insei (level 2, 0/24 HPs)
             Began as a Demonspawn Monk on Dec 16, 2017.
             Slain by a gnoll
             ... wielding a +0 spear
              (5 damage)
             ... on level 2 of the Dungeon.
             The game lasted 00:01:28 (1130 turns).

theanonym the Insei (Demonspawn Monk)               Turns: 1130, Time: 00:01:28

Health: 0/24       AC:  5    Str: 11    XL:     2   Next: 82%
Magic:  2/2        EV: 11    Int: 11    God:
Gold:   89         SH:  0    Dex: 15    Spells: 1/1 levels left

rFire    . . .     SeeInvis .     - Unarmed
rCold    . . .     Gourm    .   (no shield)
rNeg     . . .     Faith    .   k - +0 ring mail {7}
rPois    .         Spirit   .   (no helmet)
rElec    .         Reflect  .   (no cloak)
rCorr    .         Harm     .   (no gloves)
MR       .....                  (no boots)
Stlth    +.........             (no amulet)
HPRegen  0.08/turn              (no ring)
MPRegen  0.08/turn              (no ring)

@: no status effects
A: claws 1
a: no special abilities


Innate Abilities, Weirdness & Mutations

You have sharp fingernails.


   Skills:
 + Level 3.3 Fighting
 - Level 2.6 Dodging
 - Level 1.7 Stealth
 * Level 3.4 Unarmed Combat


You had one spell level left.
You didn't know any spells.

Skill      XL: |  1 |
---------------+----+-----
Unarmed Combat | 3 |  3.4
Fighting       | |  3.3
Dodging        | |  2.6
Stealth        | |  1.7

Action                   || total
-------------------------++-------
Melee: Unarmed           ||    52
 Stab: Sleeping          ||     7
  Eat: Chunk             ||     1
Armor: Leather armour    ||     7
       Robe              ||     5
       Ring mail         ||     1
Dodge: Dodged            ||    33

Inventory:

Armour
 a - a +0 robe {0}
 c - a +0 leather armour {4}
   (You found it on level 1 of the Dungeon)
 k - a +0 ring mail (worn) {7}
   (You found it on level 2 of the Dungeon)
Jewellery
 i - a cursed ring of teleportation {unknown}
   (You found it on level 2 of the Dungeon)
Scrolls
 b - 2 scrolls of remove curse {unknown}
 d - 2 scrolls of identify {unknown}
 g - a scroll of enchant armour {unknown}
Potions
 f - a potion of mutation {unknown}
 j - a potion of cancellation {unknown}
Comestibles
 e - a bread ration
 h - 2 chunks of flesh


You were on level 2 of the Dungeon.
You were not hungry.

You visited 1 branch of the dungeon, and saw 2 of its levels.

You collected 89 gold pieces.

Dungeon Overview and Level Annotations

Branches:
Dungeon (2/15)

Altars:


Message History

You claw the goblin!
You kill the goblin!
No target in view!
No target in view!
You butcher the goblin corpse.
h - 3 chunks of flesh (gained 2)
Found a ring mail.
You now have 60 gold pieces (gained 10).
j - a sapphire potion Health restored: 24 You now have 73 gold pieces (gained 13).
You now have 89 gold pieces (gained 16).
Found a war axe.
Found an escape hatch in the ceiling.
You see here a war axe.
There is an escape hatch in the ceiling here.
A bat and a hobgoblin come into view.
The hobgoblin shouts!
You hear a shout!
Found 6 gold pieces and a spear.
A bat comes into view.
You see here 9 gold pieces.
The bat barely misses you. The bat barely misses you.
The bat hits you but does no damage. The bat hits you but does no damage. x2
The bat closely misses you. The bat misses you.
You miss the bat. The bat misses you. The bat closely misses you.
You barely miss the bat.
The bat hits you. x2; The bat closely misses you.
You take 2 damage, and have 22/24 hp.
You claw the bat!
You kill the bat!
The bat closely misses you. The bat hits you but does no damage. x2
You closely miss the bat. The bat hits you but does no damage. x2
You scratch the bat.
You kill the bat!
You scratch the hobgoblin. The hobgoblin closely misses you.
You scratch the hobgoblin but do no damage.
The hobgoblin hits you with a club.
You take 1 damage, and have 22/24 hp.
You scratch the hobgoblin.
You kill the hobgoblin!
No target in view!
No target in view!
No target in view!
There is an escape hatch in the ceiling here.
Search for what [Enter for "armor", or ? for help]?
You see here a war axe.
A frilled lizard comes into view.
Health restored: 24
There are no items here.
You see here a ring mail {7}.
k - a ring mail {7} You are feeling hungry.
The frilled lizard hisses angrily.
You claw the frilled lizard!
You kill the frilled lizard!
No target in view!
No target in view!
No target in view!
Wear which item? (? for menu, Esc to quit)
You start removing your armour.
You continue taking off your +0 leather armour {4}. x4
You finish taking off your +0 leather armour {4}.
You start putting on your armour.
You continue putting on your ring mail {7}. x5
You finish putting on your +0 ring mail {7}.
Eating one of 3 chunks of flesh.
You eat one of the 3 chunks of flesh.
Found a stone staircase leading down.
A gnoll comes into view. It is wielding a spear.
A gnoll is nearby!
A gnoll is nearby!
The gnoll shouts!
You hear a shout! x2
The gnoll closely misses you.
A gnoll comes into view. It is wielding a flail.
You closely miss the gnoll. The gnoll hits you with a spear.
You take 1 damage, and have 23/24 hp.
You barely miss the gnoll.
A gnoll comes into view. It is wielding a spear.
You completely miss the gnoll. The gnoll barely misses you.
The gnoll closely misses you.
You scratch the gnoll. The gnoll hits you but does no damage.
The gnoll hits you with a spear! The gnoll barely misses you.
You take 7 damage, and have 16/24 hp.
MASSIVE DAMAGE!!
You barely miss the gnoll.
The gnoll hits you from afar with a spear.
The gnoll closely misses you.
You take 2 damage, and have 14/24 hp.
You scratch the gnoll but do no damage. The gnoll barely misses you.
The gnoll hits you from afar with a spear.
* * * LOW HITPOINT WARNING * * *
The gnoll misses you.
You take 2 damage, and have 12/24 hp.
The gnoll hits you from afar with a spear.
* * * LOW HITPOINT WARNING * * *
You take 5 damage, and have 7/24 hp.
MASSIVE DAMAGE!!
The gnoll hits you with a flail.
* * * LOW HITPOINT WARNING * * *
The gnoll hits you from afar with a spear.
You die...

#....#.# #.....#####
#.#..#.# #...........
#.#..#.#####..#########
###.####.##..............
#.<.......#.###.#######..
#.#..(.......#.........
#.######.....#..#######
#.# #.###.#..# #÷#
#.#.@.#..# #.#
#.#g###..##### #.# #.#g#
#......# #<#
#.#g..#.####.# #.#
#.###.#...# #.# #.#
.###.######### #.######.#
# #.)....<.†# #.##>....#
#########.# #.########
#)#


You could see 3 gnolls.

Notes
Turn   | Place    | Note
-------+----------+-------------------------------------------
     0 | D:1      | theanonym the Demonspawn Monk began the quest for the Orb.
     0 | D:1      | Reached XP level 1. HP: 18/18 MP: 1/1
   104 | D:1      | Reached skill level 3 in Unarmed Combat
   207 | D:1      | Gained mutation: You have sharp fingernails. [demonic ancestry]
   207 | D:1      | Reached XP level 2. HP: 15/24 MP: 2/2
  1127 | D:2      | HP: 12/24 [gnoll/spear (2)]
  1130 | D:2      | HP: 5/24 [gnoll/flail (2)]
  1130 | D:2      | Slain by a gnoll

Vanquished Creatures
  An ooze (D:1)
  A leopard gecko (D:1)
  A giant cockroach (D:1)
  3 goblins
  2 hobgoblins
  2 kobolds (D:1)
  4 bats
  3 frilled lizards
  3 rats (D:1)
20 creatures vanquished.

Table legend:
 A = Turns spent in this place as a percentage of turns spent in the entire game.
 B = Non-inter-level travel turns spent in this place as a percentage of non-inter-level travel turns spent in the entire game.
 C = Inter-level travel turns spent in this place as a percentage of turns spent in this place.
 D = Turns resting spent in this place as a percentage of non-inter-level travel turns spent in this place.
 E = Turns spent auto-exploring this place as a percentage of non-inter-level travel turns spent in this place.
 F = Non-inter-level travel turns spent in this place divided by the number of levels of this place that you've seen.
                   A       B       C       D       E      F
               +-------+-------+-------+-------+-------+----------------------
         Total | 100.0 | 100.0 |   6.7 |  27.4 |  55.3 | 527.0
       Dungeon | 100.0 | 100.0 |   6.7 |  27.4 |  55.3 | 527.0
               +-------+-------+-------+-------+-------+----------------------
